 Dungeon Crawl Stone Soup version 0.27-a0-380-g150de4c (webtiles) character file.

Game seed: 3757147595353633083

26985 MrTaco21 the Peltast (level 13, -13/87 HPs)
             Began as a Gargoyle Fighter on Feb 17, 2021.
             Was the Champion of Okawaru.
             Blown up by a cacodemon (18 damage)
             ... with a bolt of energy
             ... on level 3 of the Abyss.
             The game lasted 00:31:56 (18250 turns).

MrTaco21 the Peltast (Gargoyle Fighter)            Turns: 18250, Time: 00:31:56

Health: -13/87     AC: 32    Str: 25    XL:     13   Next: 29%
Magic:  13/13      EV:  8    Int:  9    God:    Okawaru [******]
Gold:   865        SH:  0    Dex:  9    Spells: 12/12 levels left

rFire    . . .     SeeInvis +   h - +2 whip (elec)
rCold    . . .     Faith    .   c - +0 kite shield
rNeg     + . .     Spirit   .   C - +0 storm dragon scales
rPois    ∞         Reflect  .   w - +2 helmet {SInv}
rElec    +         Harm     .   I - scarf {+Inv}
rCorr    +         Rampage  .   o - +0 pair of gloves
Will     .....                  s - +0 pair of boots of Impatience {rPois Stlth+}
Stlth    ..........             (no amulet)
HPRegen  0.24/turn              g - ring of resist corrosion
MPRegen  0.13/turn              q - +4 ring of protection

@: confused, slowed, studying Throwing, very slow
A: negative energy resistance 1, electricity resistance, unbreathing,
petrification resistance, miasma immunity, AC +9
a: Renounce Religion, Evoke Invisibility, Heroism, Finesse


You were on level 3 of the Abyss.
You worshipped Okawaru.
Okawaru was exalted by your worship.
You visited 4 branches of the dungeon, and saw 17 of its levels.
You visited the Abyss 1 time.

You collected 865 gold pieces.

Inventory:

Hand Weapons
 h - a +2 whip of electrocution (weapon)
   (You took it off a kobold on level 1 of the Dungeon)
Missiles
 z - 5 poisoned darts
 H - 3 throwing nets (quivered) {!f}
Armour
 c - a +0 kite shield (worn)
 o - a +0 pair of gloves (worn)
   (You found it on level 8 of the Dungeon)
 s - the +0 pair of boots of Impatience (worn) {rPois Stlth+}
   (You found it on level 5 of the Dungeon)

   It protects you from poison.
   It makes you more stealthy.
 w - a +2 helmet of see invisible (worn)
   (You found it on level 6 of the Dungeon)
 y - +0 acid dragon scales
   (You took it off Maggie on level 6 of the Dungeon)
 C - +0 storm dragon scales (worn)
   (You found it on level 9 of the Dungeon)
 G - a +1 cloak
   (You found it on level 1 of the Lair of Beasts)
 I - a scarf of invisibility (worn)
   (Okawaru gifted it to you on level 1 of the Lair of Beasts)
Jewellery
 b - a ring of wizardry
   (You found it on level 7 of the Dungeon)
 g - a ring of resist corrosion (left hand)
   (You found it on level 1 of the Dungeon)
 q - a +4 ring of protection (right hand)
   (You found it on level 5 of the Dungeon)
Wands
 d - a wand of iceblast (9)
   (You found it on level 8 of the Dungeon)
 t - a wand of flame (37)
   (You found it on level 6 of the Dungeon)
 u - a wand of paralysis (8)
   (You took it off Ijyb on level 4 of the Dungeon)
 v - a wand of digging (7)
   (You found it on level 3 of the Lair of Beasts)
Scrolls
 a - 5 scrolls of magic mapping
 i - 9 scrolls of teleportation {@r4}
 j - 2 scrolls of fear {unknown}
 m - 2 scrolls of blinking {unknown}
 r - 2 scrolls of enchant weapon {unknown}
 B - 2 scrolls of noise {unknown}
 D - 2 scrolls of enchant armour {unknown}
 E - a scroll of fog {unknown}
 J - 2 scrolls of amnesia {unknown}
 M - a scroll of immolation {unknown}
Potions
 e - 3 potions of degeneration {!q}
 f - 5 potions of ambrosia {unknown}
 k - 2 potions of heal wounds {@q2}
 l - 3 potions of attraction {!q}
 n - a potion of magic {unknown}
 p - 7 potions of curing {@q1}
 x - a potion of cancellation {unknown}
 A - 4 potions of might
 F - 3 potions of lignification {unknown}
 K - a potion of mutation {unknown}
 N - 3 potions of flight {unknown}


   Skills:
 + Level 12.4 Fighting
 - Level 12.0 Maces & Flails
 + Level 7.1 Armour
 - Level 15.0 Shields


You had 12 spell levels left.
You didn't know any spells.
Your spell library contained the following spells:

 Spells                   Type           Power        Failure   Level
 Beastly Appendage        Tmut           0%           93%         1
 Wereblood                Tmut           0%           98%         2
 Spider Form              Tmut/Pois      0%           100%        3
 Ice Form                 Ice/Tmut       0%           100%        4
 Blade Hands              Tmut           0%           100%        5


Dungeon Overview and Level Annotations

Branches:
Dungeon (12/15)            Temple (1/1) D:4            Lair (3/6) D:10
  Snake (0/4) Lair:2          Orc (1/2) D:9
  Swamp: Lair:2-4    Shoals: Lair:2-4

Altars:
Ashenzari
Cheibriados
Dithmenos
Elyvilon
Fedhas
Gozag
Hepliaklqana
Kikubaaqudgha
Makhleb
Nemelex Xobeh
Okawaru
Qazlal
Ru
Sif Muna
Trog
Uskayaw
Vehumet
Wu Jian
Xom
Yredelemnul
Zin
The Shining One

Shops:
D:5 :

Portals:
Bazaar: D:11

Annotations:
D:11 exclusion: orange crystal statue
Lair:1 3 runed translucent doors, exclusion: 2 oklob plants, Ubbricas's ghost, journeyman MiBe


Innate Abilities, Weirdness & Mutations

You are resistant to torment.
Your stone body is resilient. (AC +9)
You are immune to poison.
You resist negative energy. (rN+)
You are resistant to electric shocks. (rElec)
You can survive without breathing.
You are immune to petrification.
You are immune to miasma.


Message History

You see here a glowing short sword.
You are covered in liquid flames!
* * * LOW HITPOINT WARNING * * *
The cacodemon gestures at the rock wall.
Some rock shatters into small pieces.
Tentacles burst from the starspawn's body! 2 starspawn tentacles come into view.
The cacodemon gestures at you.
You feel yourself slow down.
A small abomination comes into view.
You block the starspawn tentacle's attack.
The starspawn tentacle barely misses you.
A raiju comes into view.
The raiju barks!
You hear a bark! x2
You block the starspawn tentacle's attack.
The balrug gestures at you. Something smites you!
* * * LOW HITPOINT WARNING * * *
A raiju comes into view.
You feel much better.
A raiju comes into view.
You block the starspawn tentacle's attack.
The raiju bursts into living lightning!
The living lightning hits the raiju.
The raiju completely resists.
The living lightning hits you but does no damage.
The raiju blinks! x2
The raiju bursts into living lightning!
The living lightning hits you. You resist.
* * * LOW HITPOINT WARNING * * *
The raiju blinks! x2
You block the starspawn tentacle's attack.
The balrug gestures at you. The bolt of fire hits you!!
* * * LOW HITPOINT WARNING * * *
A tentacle flies out from the starspawn's body!
You block the raiju's attack.
A small abomination comes into view.
The starspawn tentacle grabs you.
* * * LOW HITPOINT WARNING * * *
The starspawn tentacle constricts you. You block the raiju's attack.
A raiju comes into view.
The starspawn tentacle loses its grip on you.
Unknown command.
The raiju barks!
The cacodemon gestures at you.
You are confused.
The raiju bites you but does no damage. The cacodemon gestures at you.
The bolt of energy hits you!!
You die...

# .
..#............
# .
..#............
# .#
...............
# .#
..............
#..#
#............
#..# ##
#............
...# ...
#.##......# .. #
#..#.##.@x...##.
. #
#..#..22hh......
#..#
#..#...X3.wh....
...#
#.......──......
3
#..#............
. #
#....)........h.
.#.
#............x..
.. ####
#....##......##.
..##.#
#..####......#


You could see a cacodemon, a tentacled starspawn, a balrug, a sun demon, 4
raiju, 2 small abominations and a starspawn tentacle.

Vanquished Creatures
  Gastronok (D:10)
  Snorg (D:10)
  Harold (Lair:2)
  8 hydras
  A boulder beetle (Lair:2)
  A two-headed ogre (D:8)
  A queen ant (Lair:2)
  Nergalle (D:10)
  A cyclops (D:11)
  A black mamba (Lair:3)
  5 elephants
  3 cane toads
  A gargoyle (D:5)
  A rime drake (Lair:2)
  3 komodo dragons
  Maggie (D:6)
  2 polar bears
  15 yaks
  A basilisk (Lair:1)
  A wraith (D:10)
  3 wyverns
  2 nagas (Lair:2)
  7 soldier ants (Lair:2)
  3 water moccasins
  3 orc warriors (D:6)
  2 sky beasts
  6 ice beasts
  4 black bears
  4 ogres
  5 wolves (Lair:1)
  7 centaurs
  A phantom (D:8)
  A kobold brigand (D:7)
  15 bullfrogs
  A gnoll sergeant (D:5)
  8 scorpions
  11 howler monkeys
  A wight (D:10)
  2 electric eels (Lair:2)
  A bullfrog zombie (D:7)
  A quasit (D:6)
  2 centaur zombies
  4 hounds
  5 jellies
  5 orc priests
  Jessica (D:2)
  A centaur skeleton (D:9)
  Ijyb (D:4)
  2 iguanas
  5 orc wizards
  27 worker ants
  A killer bee zombie (D:6)
  A hound zombie (D:9)
  A hound skeleton (D:4)
  2 worker ant zombies
  A howler monkey zombie (D:8)
  5 gnolls
  15 adders
  5 shadow imps
  3 white imps
  An adder zombie (D:6)
  3 worms
  A dart slug (D:1)
  8 leopard geckos
  21 orcs
  12 bats
  4 giant cockroaches
  6 goblins
  9 hobgoblins
  16 jackals
  12 kobolds
  5 quokkas
  A ball python (D:6)
  6 frilled lizards
  2 leopard gecko skeletons (D:7)
  8 rats
340 creatures vanquished.

Vanquished Creatures (others)
  An orc wizard (D:4)
  45 fungi
  40 plants
  2 starspawn tentacles (Abyss:3)
88 creatures vanquished.

Grand Total: 428 creatures vanquished

Notes
Turn   | Place    | Note
-------+----------+-------------------------------------------
     0 | D:1      | MrTaco21 the Gargoyle Fighter began the quest for the Orb.
     0 | D:1      | Reached XP level 1. HP: 14/14 MP: 1/1
   109 | D:1      | Reached XP level 2. HP: 17/19 MP: 2/2
   638 | D:1      | Reached XP level 3. HP: 23/23 MP: 3/3
  1288 | D:2      | Noticed Jessica
  1297 | D:2      | Killed Jessica
  1298 | D:2      | Reached XP level 4. HP: 28/28 MP: 4/4
  1491 | D:2      | Found a sparkling altar of Nemelex Xobeh.
  1923 | D:3      | Reached skill level 5 in Maces & Flails
  1923 | D:3      | Reached XP level 5. HP: 25/32 MP: 5/5
  2367 | D:3      | Found a basalt altar of Yredelemnul.
  2576 | D:4      | Noticed a sky beast
  2690 | D:4      | Killed a sky beast
  2691 | D:4      | Reached XP level 6. HP: 30/37 MP: 6/6
  3145 | D:4      | Found a staircase to the Ecumenical Temple.
  3233 | Temple   | Entered the Ecumenical Temple
  3438 | Temple   | Became a worshipper of Warmaster Okawaru
  3855 | D:5      | Entered Level 5 of the Dungeon
  3869 | D:5      | Noticed Ijyb
  3875 | D:4      | Killed Ijyb
  3935 | D:5      | Found Yleamiav's Book Shop.
  3962 | D:5      | Noticed a gargoyle
  3992 | D:4      | Reached XP level 7. HP: 27/41 MP: 7/7
  4268 | D:5      | Reached * piety under Okawaru
  4702 | D:5      | Reached XP level 8. HP: 45/46 MP: 8/8
  4774 | D:5      | Got a pair of warped boots
  4992 | D:4      | Identified the +0 pair of boots of Impatience {rPois
                  | Stlth+} (You found it on level 5 of the Dungeon)
  5623 | D:6      | Found a broken altar of Ashenzari.
  5711 | D:6      | Reached skill level 10 in Maces & Flails
  5872 | D:6      | Found a hazy altar of Hepliaklqana.
  6105 | D:6      | Reached ** piety under Okawaru
  6448 | D:6      | Reached XP level 9. HP: 51/51 MP: 9/9
  6549 | D:6      | Noticed Maggie
  6575 | D:6      | Killed Maggie
  7097 | D:6      | Reached skill level 4 in Shields
  7419 | D:6      | Reached skill level 5 in Shields
  7503 | D:7      | Reached *** piety under Okawaru
  7547 | D:7      | Reached skill level 6 in Shields
  7577 | D:7      | Found a glowing golden altar of the Shining One.
  7579 | D:7      | Found a shimmering altar of Xom.
  7959 | D:8      | Noticed a two-headed ogre
  8060 | D:8      | Found an iron altar of Okawaru.
  8164 | D:8      | Reached skill level 7 in Shields
  8232 | D:8      | Reached skill level 8 in Shields
  8232 | D:8      | Reached XP level 10. HP: 56/56 MP: 10/10
  8670 | D:8      | Reached skill level 9 in Shields
  8890 | D:9      | Found a staircase to the Orcish Mines.
  9044 | D:9      | Reached **** piety under Okawaru
  9455 | D:8      | Killed a two-headed ogre
  9456 | D:8      | Reached skill level 10 in Shields
  9724 | D:5      | Killed a gargoyle
  9724 | D:5      | Reached ***** piety under Okawaru
 10125 | D:10     | Entered Level 10 of the Dungeon
 10128 | D:10     | Noticed Nergalle
 10205 | D:10     | Noticed Gastronok
 10227 | D:9      | Reached skill level 11 in Shields
 10549 | D:10     | Killed Nergalle
 10572 | D:10     | Killed Gastronok
 10573 | D:10     | Reached skill level 13 in Shields
 10573 | D:10     | Reached XP level 11. HP: 36/60 MP: 11/11
 10603 | D:10     | Found a staircase to the Lair.
 10721 | D:10     | Noticed Snorg
 10744 | D:10     | Killed Snorg
 10744 | D:10     | Reached ****** piety under Okawaru
 11352 | D:11     | Noticed an orange crystal statue
 11767 | D:11     | Reached skill level 14 in Shields
 12015 | D:11     | Noticed a cyclops
 12112 | D:11     | Killed a cyclops
 12778 | D:11     | Found a gateway to a bazaar.
 12779 | D:11     | Noticed a five-headed hydra
 13224 | Orc:1    | Entered Level 1 of the Orcish Mines
 13232 | Orc:1    | Noticed a cyclops
 13430 | Lair:1   | Entered Level 1 of the Lair of Beasts
 13438 | Lair:1   | Received a gift from Okawaru
 13856 | Lair:1   | Noticed a seven-headed hydra
 14002 | Lair:1   | Killed a seven-headed hydra
 14003 | Lair:1   | Reached skill level 15 in Shields
 14137 | Lair:1   | Noticed an eight-headed hydra
 14151 | Lair:1   | Killed an eight-headed hydra
 14152 | Lair:1   | Reached skill level 5 in Fighting
 14152 | Lair:1   | Reached XP level 12. HP: 22/68 MP: 12/12
 14463 | Lair:1   | Found a runed translucent gate.
 14464 | Lair:1   | Found a runed translucent gate.
 14465 | Lair:1   | Found a runed translucent gate.
 14736 | Lair:1   | Noticed Ubbricas's ghost (journeyman MiBe)
 15409 | Lair:2   | Noticed a six-headed hydra
 15430 | Lair:2   | Killed a six-headed hydra
 15587 | Lair:2   | Noticed a boulder beetle
 15604 | Lair:2   | Noticed Harold
 15634 | Lair:2   | Killed Harold
 15640 | Lair:2   | Killed a boulder beetle
 15975 | Lair:2   | Found a staircase to the Snake Pit.
 16081 | Lair:2   | Reached skill level 10 in Fighting
 16126 | Lair:2   | Received a gift from Okawaru
 16150 | Lair:2   | Noticed a queen ant
 16174 | Lair:2   | Killed a queen ant
 17080 | Lair:3   | Received a gift from Okawaru
 17083 | Lair:3   | Got a dazzling long sword {god gift}
 17098 | Lair:3   | Noticed a seven-headed hydra
 17134 | Lair:3   | Noticed a four-headed hydra
 17147 | Lair:3   | Killed a four-headed hydra
 17247 | Lair:3   | Noticed a seven-headed hydra
 17248 | Lair:3   | Noticed a six-headed hydra
 17269 | Lair:3   | Killed a seven-headed hydra
 17270 | Lair:3   | Reached skill level 5 in Armour
 17337 | Lair:2   | Killed a seven-headed hydra
 17338 | Lair:2   | Reached XP level 13. HP: 47/85 MP: 13/13
 17869 | Lair:3   | Received a gift from Okawaru
 18163 | Lair:3   | Identified the +6 long sword of the Several Tales {distort,
                  | Will+} (Okawaru gifted it to you on level 3 of the Lair of
                  | Beasts)
 18164 | Lair:3   | Cast into level 3 of the Abyss (unwielding a weapon of
                  | distortion)
 18224 | Abyss:3  | Noticed a balrug
 18242 | Abyss:3  | Noticed a cacodemon
 18244 | Abyss:3  | Noticed a tentacled starspawn
 18249 | Abyss:3  | HP: 4/87 [starspawn tentacle[a tentacled starspawn] (3)]
 18250 | Abyss:3  | Blown up by a cacodemon

Illustrated notes

Levels and vault maps discovered:
D:1:      minmay_arrival_jagged, layout_loops_cross, minmay_misc_feat_five
D:2:      layout_basic, nemelex_xobeh_ov_fountains_minmay, uniq_jessica
D:3:      layout_loops_ring, old_standard_altar, minmay_bisected
D:4:      minmay_angry_zag, layout_loops_cross, temple_green, serial_shops,
          kennysheep_mini_moat, uniq_robin
D:5:      layout_rooms, serial_shops, nicolae_shop_trees, minmay_manual_mail,
          uniq_ijyb
D:6:      layout_cave_pods, nzn_hepliaklqana_mist_gate, old_standard_altar,
          kennysheep_another_room, kennysheep_generic_room_12, uniq_maggie
D:7:      layout_cave_pools, chequers_temple_overflow_statue_of_worship
D:8:      layout_rooms, grunt_ministairs_10, okawaru_gym_becter
D:9:      layout_roguey, orc_0_dummy, minivault_14
D:10:     layout_rooms, due_lair_maze_entry_diamond, minmay_circle_x,
          uniq_snorg, uniq_nergalle, uniq_gastronok
D:11:     layout_layer_cave, serial_shops, statue_bzr
D:12:     layout_long_grid, chequers_jeans
Temple:   eino_temple_rhombus
Lair:1:   dpeg_oklob_gauntlet, layout_cave_pods, gammafunk_ghost_necromancy,
          nicolae_lair_grove_arrangements, lemuel_old_faithful
Lair:2:   layout_long_grid, guppyfry_snake_entry_garden, minmay_another_anthill,
          lemuel_fruit_fields, infiniplex_staircase_pool, uniq_harold
Lair:3:   layout_loops_ring, infiniplex_staircase_pool_2
Orc:1:    layout_diamond_mine, lightli_orcish_oven
Abyss:3:  base: D:1, base: D:12, evilmike_abyss_rune_siren_acolytes,
          evilmike_abyss_rune_siren_acolytes, lemuel_firewalk_3

Skill      XL: |  1  2  3  4  5  6  7  8  9 10 11 12 13 |
---------------+----------------------------------------+-----
Maces & Flails | 3 4 5 6 7 9 11 12 | 12.0
Shields        | 8 13 15 | 15.0
Fighting       | 5 11 12 | 12.4
Armour         | 5 7 |  7.1

Action                   |  1- 3 |  4- 6 |  7- 9 | 10-12 | 13-15 || total
-------------------------+-------+-------+-------+-------+-------++-------
Melee: Flail             |    37 |       |       |       |       ||    37
       Whip              |    65 |   196 |   423 |   940 |   119 ||  1743
Throw: Dart              |       |       |     7 |    26 |       ||    33
  Use: Scroll            |       |       |     1 |     6 |       ||     7
       Potion            |       |       |       |     1 |     1 ||     2
 Stab: Sleeping          |       |       |       |     1 |       ||     1
Armor: Scale mail        |    52 |   111 |   125 |       |       ||   288
       Acid dragon scale |       |       |    72 |    36 |       ||   108
       Storm dragon scal |       |       |       |   338 |    66 ||   404
Dodge: Dodged            |    30 |    41 |   105 |   155 |    28 ||   359
Block: Kite shield       |    47 |    87 |   196 |   452 |    78 ||   860

Table legend: (Time is in decaauts)
 A = Elapsed time spent in this place.
 B = Non-inter-level travel time spent in this place.
 C = Inter-level travel time spent in this place.
 D = Time resting spent in this place.
 E = Time spent auto-exploring this place.
 F = Levels seen in this place.
 G = Mean time per level.
                   A        B        C        D        E       F      G
               +--------+--------+--------+--------+--------+-----+--------+
         Total |  17755 |  16357 |   1398 |   3740 |   9071 |  18 |  986.4 |
       Dungeon |  13114 |  11845 |   1269 |   2360 |   6907 |  12 | 1092.8 |
        Temple |    211 |    206 |      5 |      0 |    194 |   1 |  211.0 |
          Lair |   4334 |   4210 |    124 |   1380 |   1970 |   3 | 1444.7 |
  Orcish Mines |      9 |      9 |      0 |      0 |      0 |   1 |    9.0 |
         Abyss |     86 |     86 |      0 |      0 |      0 |   1 |   86.0 |
               +--------+--------+--------+--------+--------+-----+--------+

Top non-repeatable levels by time:
     D:4: 1824 daAuts
  Lair:1: 1812 daAuts
  Lair:2: 1759 daAuts
     D:6: 1741 daAuts
    D:11: 1606 daAuts
     D:9: 1240 daAuts
     D:5: 1162 daAuts
    D:10: 1023 daAuts
     D:1: 999 daAuts
     D:8: 921 daAuts
     D:7: 920 daAuts
     D:2: 906 daAuts
  Lair:3: 761 daAuts
     D:3: 757 daAuts
  Temple: 211 daAuts
